 Dungeon Crawl Stone Soup version 0.32-a0-391-gce5c0aab1b (webtiles) character file.

Game seed: 14931772740319072898

4862 cforsyth the Carver (level 10, -2/83 HPs)
             Began as a Coglin Gladiator on Feb 20, 2024.
             Was a Believer of Wu Jian.
             Succumbed to a hornet's poison
             ... on level 8 of the Dungeon.
             The game lasted 00:13:57 (7963 turns).

cforsyth the Carver (Coglin Gladiator)              Turns: 7963, Time: 00:13:58

Health: -2/83      AC: 12    Str: 19    XL:     10   Next: 50%
Magic:  10/10      EV: 10    Int:  7    God:    Wu Jian [**....]
Gold:   298        SH:  0    Dex: 24    Spells: 9/9 levels left

rFire   . . .        a - +0 long sword {Manveen}
rCold   . . .        z - +6 dagger (speed) {Minjun}
rNeg    . . .        p - +0 plate armour
rPois   .            c - +0 helmet
rElec   .            (no cloak)
rCorr   .            (no gloves)
SInv    .            j - +0 pair of boots
Will    .....        (no amulet) Stlth
                     S - +6 ring of strength
HPRegen 0.33/turn    (no ring)
MPRegen 0.12/turn

%: no passive effects
@: confused, lethally poisoned (-2 -> -23), ambrosia-drunk, slowed, revving,
stiff-legged, very slow
A: off-hand wielding, slow wielding, warmup strikes, warmup strides, agile 1,
passive freeze, subdued magic 1
a: Renounce Religion, Wall Jump


You were on level 8 of the Dungeon.
You worshipped Wu Jian.
Wu Jian was pleased with you.
You visited 1 branch of the dungeon, and saw 8 of its levels.

You collected 298 gold pieces.


Innate Abilities, Weirdness & Mutations

You can wield a second weapon in your off-hand.
It takes a long time for you to wield or remove held weapons.
Your first few attacks do less damage.
Your first movements take longer.
You are agile. (Dex +4, Str/Int -1)
A frigid envelope surrounds you and freezes all who hurt you.
Your spells are a little easier to cast, but a little less powerful.


   Skills:
 + Level 9.1 Fighting
 + Level 9.3 Long Blades
 - Level 1.7 Throwing
 + Level 8.5 Dodging


You had 9 spell levels left.
You didn't know any spells.
Your spell library was empty.

Inventory:

Hand Weapons
 a - a +0 long sword (weapon) {Manveen}
 i - a +0 dagger {Eunwoo}
 z - a +6 dagger of speed (worn) {Minjun}
Missiles
 d - 3 throwing nets (quivered) {=f}
 e - a javelin
Armour
 b - a +0 leather armour
 c - a +0 helmet (worn)
 j - a +0 pair of boots (worn)
 p - a +0 plate armour (worn)
Jewellery
 I - a +6 ring of intelligence
 S - a +6 ring of strength (left grasper)
Wands
 m - a wand of polymorph (6)
Scrolls
 f - a scroll of blinking {unknown}
 g - 2 scrolls of revelation
 l - a scroll of butterflies {unknown}
 o - a scroll of fog {unknown}
 r - 2 scrolls of vulnerability {unknown}
 s - 2 scrolls of poison {unknown}
 t - 2 scrolls of immolation {unknown}
 w - 2 scrolls of amnesia {unknown}
 x - a scroll of torment {unknown}
 y - a scroll of noise {unknown}
Potions
 h - 3 potions of enlightenment
 k - a potion of mutation
 q - 4 potions of brilliance
 u - a potion of magic {unknown}
 v - 5 potions of curing {@q1}
 A - a potion of lignification {unknown}
 B - a potion of haste {unknown}

Dungeon Overview and Level Annotations

Branches:
Dungeon (8/15)             Temple (0/1) D:7            Lair (0/5) D:8

Altars:
Ashenzari
Elyvilon
Fedhas
Gozag
Makhleb
Nemelex Xobeh
Ru
Wu Jian
Yredelemnul

Shops:
D:3 ?

Annotations:
D:6 1 runed translucent door, Azoth's ghost, novice DEAE

*,*****,,,* *,,,**### #.##
*,*,,,*.#.###.#.#...## #.#
*,*,*,,.#?[..=#...#.## #.#
*,*,*,*####.#####.#.#######.#
*,*,*,,.#.....#..S#.#.......#
*,,,***.#.###.#.###...#######
*,*,,,*....#....#...#.#
*,***,*###.#.####.###.#
*,,,*,,....#.J@y..###.#
***,**,#########)####.#
*,,,,#########......#
*****################
###############
###############
###############
###############


You could see a slime creature and a hornet.


Message History

You feel invigorated. The hornet stings you!
* * * LOW HITPOINT WARNING * * *
You feel as though you will be slow longer.
The hornet stings you but does no damage. x2
Unknown command.
You puncture the hornet with your +6 dagger of speed!
The hornet is heavily wounded.
You hit the hornet with your +0 long sword.
The slime creature jiggles.
The hornet closely misses you.
Unknown command.
Unknown command.
You bump into the rock wall.
The hornet closely misses you. The slime creature hits you!
* * * LOW HITPOINT WARNING * * *
The hornet stings you.
* * * LOW HITPOINT WARNING * * *
You are poisoned.
You feel as though you will be slow longer.
The slime creature hits you.
* * * LOW HITPOINT WARNING * * *
The hornet stings you!
* * * LOW HITPOINT WARNING * * *
You are more poisoned.
You feel as though you will be slow longer.
Unknown command.
It was a potion of mutation.
You feel extremely strange.
Your connection to magic feels subdued.
You feel agile.
Your skin feels very cold.
You die...

Skill      XL: |  1  2  3  4  5  6  7  8  9 10 |
---------------+-------------------------------+-----
Dodging        | 3 4 5 6 7 8 |  8.5
Fighting       | 3 4 5 7 8 9 |  9.1
Long Blades    | 4 5 7 8 9 |  9.3
Throwing       | |  1.7

Action                     |  1- 3 |  4- 6 |  7- 9 | 10-12 || total
---------------------------+-------+-------+-------+-------++-------
  Melee: Long sword        |    35 |    95 |   245 |   108 ||   483
         Dagger            |    12 |       |       |    78 ||    90
         Short sword       |    13 |    97 |   241 |       ||   351
         Rapier            |       |       |       |    32 ||    32
Ability: Lunge             |       |     9 |    15 |     9 ||    33
         Whirlwind         |       |       |     6 |     7 ||    13
  Evoke: Wand              |       |       |       |     1 ||     1
    Use: Scroll            |       |       |     4 |     1 ||     5
         Potion            |       |       |       |     4 ||     4
   Stab: Sleeping          |       |     5 |     1 |       ||     6
         Distracted        |       |       |     1 |       ||     1
 Armour: Leather armour    |    24 |    41 |    48 |       ||   113
         Plate armour      |       |       |   172 |   124 ||   296
  Dodge: Dodged            |    16 |    55 |   128 |    44 ||   243

Levels and vault maps discovered:
D:1:      doesnt_arrival_eight_statues, layout_basic
D:2:      layout_loops_ring, nrook_uturn
D:3:      layout_rooms, mainiacjoe_overflow_brackets, nicolae_overflow_squiral,
          nicolae_nh_oracle_at_delphi
D:4:      layout_loops_ring, kennysheep_mini
D:5:      layout_loops_ring, dk_yredelemnul_ordeal
D:6:      layout_cave_pools, nicolae_gozag_cash_rules_everything_around_me,
          evilmike_ruin_ashenzari, nicolae_overflow_crystal_walls,
          ebering_ghost_reflecting_pool, uniq_pikel
D:7:      cheibrodos_fzero, layout_gridville, nemelex_spade_bored_becter,
          minmay_temple_entry_trees, uniq_prince_ribbit1, uniq_duvessa
D:8:      minmay_separated_statues, layout_basic, minmay_lair_entry_grove,
          grunt_ministairs_13, nicolae_doodle_vault

Notes
Turn   | Place    | Note
-------+----------+-------------------------------------------
     0 | D:1      | cforsyth the Coglin Gladiator began the quest for the Orb.
     0 | D:1      | Reached XP level 1. HP: 16/16 MP: 1/1
   230 | D:1      | Reached XP level 2. HP: 20/22 MP: 2/2
   428 | D:1      | Reached skill level 3 in Dodging
   686 | D:1      | You fall into a shaft and drop 1 floor!
   705 | D:2      | Reached XP level 3. HP: 28/28 MP: 3/3
   915 | D:2      | Reached XP level 4. HP: 31/34 MP: 4/4
  1051 | D:2      | Reached skill level 3 in Fighting
  1422 | D:3      | Reached skill level 4 in Long Blades
  1422 | D:3      | Reached XP level 5. HP: 39/41 MP: 5/5
  1748 | D:3      | Found The Oracle's Delphic Readings.
  1845 | D:3      | Found an ornate altar of the Wu Jian Council.
  1955 | D:3      | Became a worshipper of the Wu Jian Council
  2114 | D:3      | Found a white marble altar of Elyvilon.
  2115 | D:3      | Found a sacrificial altar of Ru.
  2386 | D:4      | Reached skill level 4 in Dodging
  2386 | D:4      | Reached XP level 6. HP: 28/48 MP: 6/6
  2502 | D:4      | Noticed a black bear
  2507 | D:4      | Killed a black bear
  2508 | D:4      | Reached skill level 4 in Fighting
  2925 | D:4      | Reached skill level 5 in Long Blades
  2925 | D:4      | Reached XP level 7. HP: 49/55 MP: 7/7
  2993 | D:4      | Found a blossoming altar of Fedhas.
  3257 | D:5      | Entered Level 5 of the Dungeon
  3272 | D:5      | Reached * piety under Wu Jian
  3311 | D:5      | Reached skill level 5 in Fighting
  3404 | D:5      | Reached skill level 5 in Dodging
  3793 | D:5      | Reached XP level 8. HP: 62/63 MP: 8/8
  4011 | D:5      | Found a runed translucent door.
  4015 | D:5      | Found a basalt altar of Yredelemnul.
  4098 | D:5      | Reached skill level 6 in Long Blades
  4376 | D:6      | Noticed Pikel
  4528 | D:6      | Reached skill level 6 in Fighting
  4788 | D:6      | Reached skill level 6 in Dodging
  4864 | D:6      | Found a runed translucent door.
  5021 | D:6      | Killed Pikel
  5022 | D:6      | Reached skill level 7 in Fighting
  5022 | D:6      | Reached skill level 7 in Long Blades
  5022 | D:6      | Reached XP level 9. HP: 59/72 MP: 9/9
  5165 | D:6      | Found a burning altar of Makhleb.
  5233 | D:6      | Found a broken altar of Ashenzari.
  5342 | D:6      | Found an opulent altar of Gozag.
  5381 | D:6      | Noticed Azoth's ghost (novice DEAE)
  5588 | D:6      | Reached skill level 7 in Dodging
  6002 | D:6      | Reached skill level 8 in Long Blades
  6103 | D:7      | Found a staircase to the Ecumenical Temple.
  6234 | D:7      | Reached ** piety under Wu Jian
  6235 | D:7      | Reached skill level 8 in Fighting
  6461 | D:7      | Reached XP level 10. HP: 44/81 MP: 10/10
  6739 | D:7      | Reached skill level 8 in Dodging
  6875 | D:7      | Noticed Dowan
  6875 | D:7      | Noticed Prince Ribbit
  6926 | D:7      | Killed Dowan
  6984 | D:7      | Noticed Duvessa
  6997 | D:7      | Killed Duvessa
  7107 | D:7      | Found a sparkling altar of Nemelex Xobeh.
  7158 | D:7      | Killed Prince Ribbit
  7159 | D:7      | Reached skill level 9 in Long Blades
  7536 | D:8      | Found a staircase to the Lair.
  7554 | D:7      | Reached skill level 9 in Fighting
  7952 | D:8      | Paralysed by a hornet for 2 turns
  7959 | D:8      | Noticed a two-headed ogre
  7962 | D:8      | HP: 1/83 [hornet (10)]
  7963 | D:8      | Gained mutation: Your spells are a little easier to cast,
                  | but a little less powerful. [potion of mutation]
  7963 | D:8      | Gained mutation: You are agile. (Dex +4, Str/Int -1)
                  | [potion of mutation]
  7963 | D:8      | Gained mutation: A frigid envelope surrounds you and
                  | freezes all who hurt you. [potion of mutation]
  7963 | D:8      | Succumbed to a hornet's poison

Vanquished Creatures
  Pikel (D:6)
  Prince Ribbit (D:7)
  2 wyverns (D:7)
  A yak (D:7)
  A human (D:5)
  3 steam dragons
  Duvessa (D:7)
  2 sky beasts (D:7)
  3 black bears
  3 ogres
  2 ice beasts
  A wolf (D:7)
  2 centaurs (D:7)
  3 lemures (D:6)
  4 phantoms
  3 bullfrogs
  A kobold brigand (D:7)
  A gnoll sergeant (D:7)
  7 scorpions
  5 wights (D:6)
  Dowan (D:7)
  A killer bee (D:6)
  A howler monkey (D:5)
  3 bombardier beetles
  2 orc priests
  6 hounds
  A jelly (D:6)
  A gnoll bouda (D:6)
  2 iguanas
  2 orc wizards
  6 adders
  4 gnolls
  3 white imps
  4 dart slugs
  4 ribbon worms
  25 orcs
  5 ball pythons
  2 bats
  4 endoplasms
  3 giant cockroaches
  4 goblins
  7 hobgoblins
  3 jackals (D:2)
  7 kobolds
  4 quokkas
  2 frilled lizards
  A goblin skeleton (D:5)
  3 rats
158 creatures vanquished.

Table legend: (Time is in decaauts)
 A = Elapsed time spent in this place.
 B = Non-inter-level travel time spent in this place.
 C = Inter-level travel time spent in this place.
 D = Time resting spent in this place.
 E = Time spent auto-exploring this place.
 F = Levels seen in this place.
 G = Mean time per level.
                   A        B        C        D        E       F      G
               +--------+--------+--------+--------+--------+-----+--------+
         Total |   8111 |   7779 |    332 |   1587 |   4793 |   8 | 1013.9 |
       Dungeon |   8111 |   7779 |    332 |   1587 |   4793 |   8 | 1013.9 |
               +--------+--------+--------+--------+--------+-----+--------+

Top non-repeatable levels by time:
     D:6: 2059 daAuts
     D:7: 1553 daAuts
     D:4: 1187 daAuts
     D:1: 909 daAuts
     D:5: 789 daAuts
     D:2: 769 daAuts
     D:3: 768 daAuts
     D:8: 74 daAuts

Table legend:
 A = Non-vault XP
 B = Vault XP
 C = Vault XP percentage of total XP
 D = Non-vault monster count
 E = Vault monster count
 F = Vault count percentage of total count
                 A         B        C        D         E       F
            +---------+---------+-------+---------+---------+-------
      Total |    3668 |    3278 |  47.2 |     126 |      28 |  18.2
            +---------+---------+-------+---------+---------+-------
        D:1 |      23 |       0 |   0.0 |       9 |       0 |   0.0
        D:2 |     107 |       0 |   0.0 |      21 |       0 |   0.0
        D:3 |     165 |       6 |   3.5 |      20 |       2 |   9.1
        D:4 |     555 |       0 |   0.0 |      22 |       0 |   0.0
        D:5 |     516 |       2 |   0.4 |      14 |       1 |   6.7
        D:6 |    1309 |    1204 |  47.9 |      23 |       8 |  25.8
        D:7 |     939 |    1940 |  67.4 |      13 |      15 |  53.6
        D:8 |      54 |     126 |  70.0 |       4 |       2 |  33.3
            +---------+---------+-------+---------+---------+-------
